 Dungeon Crawl Stone Soup version 0.30.1-11-g7821555f0a (webtiles) character file.

Game seed: 9207406965435437423

30 H0rd4k the Charlatan (level 3, 0/26 HPs)
             Began as a Human Artificer on Nov 28, 2023.
             Slain by an orc
             ... wielding a +0 club
              (3 damage)
             ... on level 2 of the Dungeon.
             The game lasted 00:01:53 (1229 turns).

H0rd4k the Charlatan (Human Artificer)              Turns: 1229, Time: 00:01:53

Health: 0/26       AC:  4    Str: 12    XL:     3   Next: 37%
Magic:  3/3        EV: 11    Int: 13    God:
Gold:   61         SH:  0    Dex: 13    Spells: 2/2 levels left

rFire   . . .        a - +0 club
rCold   . . .        (no shield)
rNeg    . . .        b - +0 leather armour
rPois   .            i - +0 helmet
rElec   .            (no cloak)
rCorr   .            (no gloves)
SInv    .            (no boots)
Will    .....        (no amulet)
Stlth   +            (no ring)
HPRegen 0.24/turn    (no ring)
MPRegen 0.08/turn

%: no passive effects
@: no status effects
A: no striking features
a: no special abilities


You were on level 2 of the Dungeon.
You visited 1 branch of the dungeon, and saw 2 of its levels.

You collected 61 gold pieces.

Inventory:

Hand Weapons
 a - a +0 club (weapon)
Missiles
 g - 4 poisoned darts
 h - 3 javelins
Armour
 b - a +0 leather armour (worn)
 i - a +0 helmet (worn)
Wands
 c - a wand of flame (14) (quivered)
 d - a wand of charming (14)
 e - a wand of iceblast (5)
Scrolls
 j - a scroll of enchant weapon {unknown}
 k - a scroll of summoning {unknown}
Potions
 f - 2 potions of brilliance {unknown}


   Skills:
 + Level 1.2 Fighting
 + Level 0.8 Maces & Flails
 - Level 2.0 Armour
 + Level 1.3 Dodging
 - Level 1.0 Stealth
 + Level 3.8 Evocations


You had 2 spell levels left.
You didn't know any spells.
Your spell library contained the following spells:

 Spells                   Type           Power      Damage    Failure   Level
 Sandblast                Erth           0%         2d4       36%         1
 Passwall                 Tmut/Erth      0%         N/A       52%         2
 Stone Arrow              Conj/Erth      0%         3d7       75%         3


Dungeon Overview and Level Annotations

Branches:
Dungeon (2/15)

Altars:


Message History

You hit the orc.
The orc is severely wounded.
The orc hits you with a +0 whip.
* * * LOW HITPOINT WARNING * * *
The orc barely misses you.
You hit the orc.
You kill the orc!
You hit the orc.
The orc is moderately wounded.
The orc hits you with a +0 club.
* * * LOW HITPOINT WARNING * * *
You hit the orc but do no damage.
The orc is moderately wounded.
The orc closely misses you.
You hit the orc.
The orc is severely wounded.
The orc hits you but does no damage.
You barely miss the orc.
The orc is severely wounded.
The orc closely misses you. The orc barely misses you.
You hit the orc but do no damage.
The orc is severely wounded.
The orc completely misses you.
You hit the orc but do no damage.
The orc is severely wounded.
The orc misses you.
You hit the orc but do no damage.
The orc is severely wounded.
The orc hits you but does no damage.
You hit the orc but do no damage.
The orc is severely wounded.
The orc misses you. The orc barely misses you.
You hit the orc but do no damage.
The orc is severely wounded.
The orc hits you with a +0 club.
* * * LOW HITPOINT WARNING * * *
You barely miss the orc.
The orc is severely wounded.
The orc hits you with a +0 club.
You die...

........(..#...#.
...........#.....
###..#.......##.
#....#..........
#.##.....##...#
#.##...#o# .#
#.#..#.#o#
##......#o#
#...#.#.#@#
#####.†.........#
#.......#.#...###
#...........###
#†..........#
####...........#
.......#.##.#.##
.........##.#.#
.......### .#.#


You could see an orc priest and 2 orcs.

Vanquished Creatures
  A dart slug (D:2)
  2 orcs (D:2)
  A ball python (D:1)
  2 endoplasms (D:1)
  2 giant cockroaches (D:1)
  6 goblins
  2 hobgoblins
  2 quokkas (D:1)
  A frilled lizard (D:1)
  2 kobolds (D:1)
  2 rats
23 creatures vanquished.

Vanquished Creatures (others)
  A ball python (D:1)
1 creature vanquished.

Grand Total: 24 creatures vanquished

Notes
Turn   | Place    | Note
-------+----------+-------------------------------------------
     0 | D:1      | H0rd4k the Human Artificer began the quest for the Orb.
     0 | D:1      | Reached XP level 1. HP: 15/15 MP: 1/1
   114 | D:1      | Reached XP level 2. HP: 16/21 MP: 2/2
  1022 | D:1      | Reached XP level 3. HP: 21/26 MP: 3/3
  1220 | D:2      | HP: 1/26 [orc/+0 club (3)]
  1229 | D:2      | Slain by an orc

Illustrated notes

Levels and vault maps discovered:
D:1:      pf_arrival_petrified_forest, layout_basic
D:2:      layout_rooms, serial_shops, shop, glass_columns_a, st_stairs_6

Action                     || total
---------------------------++-------
  Melee: Club              ||   166
  Evoke: Wand              ||     2
   Stab: Sleeping          ||     2
 Armour: Leather armour    ||    51
  Dodge: Dodged            ||   110
